 Dungeon Crawl Stone Soup version 0.32-a0-411-g744942f433 (webtiles) character file.

Game seed: 6952962903291415143

2 zenocrate the Sneak (level 1, 0/16 HPs)
             Began as an Octopode Delver on Feb 20, 2024.
             Slain by a black bear (2 damage)
             ... on level 4 of the Dungeon.
             The game lasted 00:00:16 (121 turns).

zenocrate the Sneak (Octopode Delver)                Turns: 121, Time: 00:00:17

Health: 0/16       AC:  1    Str: 11    XL:     1   Next: 30%
Magic:  1/1        EV: 13    Int: 12    God:
Gold:   8          SH:  0    Dex: 13    Spells: 0/0 levels left

rFire   . .          .
                       - Unarmed
rCold   . . .        (no shield)
rNeg    . . .        (helmet restricted)
rPois   .            (no amulet)
rElec   .            (no ring)
rCorr   .            (no ring)
SInv    .            (no ring)
Will    .....        (no ring)
Stlth   ++++         (no ring)
HPRegen 0.22/turn    (no ring)
MPRegen 0.07/turn    (no ring)
                     (no ring)

%: no passive effects
@: no status effects
A: almost no armour, amphibious, 8 rings, camouflage 1, gelatinous body 1,
(nimble swimmer 1), tentacles
a: no special abilities


You were on level 4 of the Dungeon.
You visited 1 branch of the dungeon, and saw 2 of its levels.

You collected 8 gold pieces.

Inventory:

Wands
 e - a wand of digging (3)
Scrolls
 a - a scroll of fog
 b - a scroll of revelation
 c - a scroll of fear
 f - 2 scrolls of identify {unknown}
Potions
 d - 2 potions of haste
 g - a potion of resistance {unknown}


   Skills:
 + Level 3.0 Fighting
 + Level 2.0 Dodging
 + Level 6.6 Stealth
 + Level 2.0 Unarmed Combat


You couldn't memorise any spells.
You didn't know any spells.
Your spell library was empty.

Dungeon Overview and Level Annotations

Branches:
Dungeon (5/15)
 Temple: D:4-7

Altars:
Hepliaklqana

Shops:
D:4 [


Innate Abilities, Weirdness & Mutations

You cannot wear most types of armour.
You are amphibious.
You can wear up to eight rings at the same time.
Your skin changes colour to match your surroundings (Stealth+).
Your rubbery body absorbs attacks. (AC +1, EV +1)
((You are camouflaged when in or above water. (Stealth+)))
You have tentacles for arms and can constrict up to eight enemies at once.


Message History

g - a purple potion No target in view!
You see here 7 stones.
You open the door.
Found a faded altar of an unknown god and a hazy altar of Hepliaklqana.
No target in view!
There is an open door here.
Found a faded altar of an unknown god.
No target in view!
There is an open door here.
A jelly comes into view.
A jelly is nearby!
Found a stone staircase leading up.
An orc wizard comes into view. It is wielding a +0 dagger.
Found 6 stones. 2 orcs come into view.
There is a stone staircase leading up here.
You climb upwards.
Found a battleaxe.
Found a stone staircase leading up.
There is a stone staircase leading down here.
Unknown command.
A phantom and an orc wizard come into view.
Found a manual of Stealth.
The orc wizard shouts!
You hear a shout!
You hear an angry hiss.
An ogre comes into view. It is wielding a +0 giant spiked club.
A goblin comes into view. It is wielding a +0 dagger.
A black bear comes into view.
The phantom moves out of view.
Found Huduytas's Antique Armour Shoppe.
An orc comes into view. It is wielding a +0 mace.
The orc wizard points at you and mumbles some strange words.
The magic dart hits you.
An iguana comes into view.
The black bear attacks as it pursues you!
The black bear barely misses you. x2; The black bear claws you.
The black bear attacks as it pursues you!
The black bear bites you!
* * * LOW HITPOINT WARNING * * *
The black bear claws you.
You die...

### ..#.# ..o.#.###
#.l.....
#...#.####### #:
#.......... #.#..>#
...#..#.###########
#)...O.oW.h@....#
.....##.########.##
...# #... .. #ß...
. ...... ....<.ß.
.#.......#
.∩..ß......


You could see a black bear, an ogre, a phantom and an orc wizard.

Vanquished Creatures
  A quokka (D:5)
1 creature vanquished.

Notes
Turn   | Place    | Note
-------+----------+-------------------------------------------
     0 | D:5      | zenocrate the Octopode Delver began the quest for the Orb.
     0 | D:5      | Reached XP level 1. HP: 16/16 MP: 1/1
    79 | D:5      | Found a faded altar of an unknown god.
    79 | D:5      | Found a hazy altar of Hepliaklqana.
    81 | D:5      | Found a faded altar of an unknown god.
    98 | D:5      | Noticed a jelly
   109 | D:5      | Noticed an orc wizard
   113 | D:4      | Noticed a jelly
   115 | D:4      | Noticed a phantom
   115 | D:4      | Noticed an orc wizard
   115 | D:4      | Noticed an ogre
   115 | D:4      | Noticed a black bear
   116 | D:4      | Found Huduytas's Antique Armour Shoppe.
   116 | D:4      | Noticed an iguana
   121 | D:4      | Slain by a black bear

Illustrated notes

Levels and vault maps discovered:
D:4:      layout_basic, serial_shops, shop, grunt_decor_one_mirror,
          grunt_ministairs_1, minivault_25, minmay_manual_mess, uniq_eustachio
D:5:      layout_rooms, nicolae_hepliaklqana_ecumenical_no_more,
          minmay_temple_entry_drinking_statues, minmay_misc_feat_encased

Action                     || total
---------------------------++-------
  Melee: Unarmed           ||     6
         Constrict         ||     1
 Armour: Skin              ||     7
  Dodge: Dodged            ||     5

Table legend: (Time is in decaauts)
 A = Elapsed time spent in this place.
 B = Non-inter-level travel time spent in this place.
 C = Inter-level travel time spent in this place.
 D = Time resting spent in this place.
 E = Time spent auto-exploring this place.
 F = Levels seen in this place.
 G = Mean time per level.
                   A        B        C        D        E       F      G
               +--------+--------+--------+--------+--------+-----+--------+
         Total |    120 |    120 |      0 |      0 |     73 |   2 |   60.0 |
       Dungeon |    120 |    120 |      0 |      0 |     73 |   2 |   60.0 |
               +--------+--------+--------+--------+--------+-----+--------+

Top non-repeatable levels by time:
     D:5: 112 daAuts
     D:4: 7 daAuts
